 Dungeon Crawl Stone Soup version 0.27.1 (console) character file.

Game seed: 11611795371441538953

291 thromnambular the Sneak (level 6, -4/48 HPs)
             Began as a Human Brigand on Aug 29, 2021.
             Was an Initiate of Ashenzari.
             Succumbed to Duvessa's poison
             ... on level 4 of the Dungeon.
             The game lasted 00:14:19 (6929 turns).

thromnambular the Sneak (Human Brigand)             Turns: 6929, Time: 00:14:21

Health: -4/48      AC:  4    Str: 14    XL:     6   Next: 58%
Magic:  6/6        EV: 13    Int: 11    God:    Ashenzari [......]
Gold:   119        SH:  0    Dex: 14    Spells: 2/5 levels left

rFire    . . .     SeeInvis +   f - +0 whip (elec)
rCold    . . .     Faith    .   (no shield)
rNeg     . . .     Spirit   .   b - +0 robe
rPois    .         Reflect  .   j - +0 helmet
rElec    .         Harm     .   c - +0 cloak
rCorr    .         Rampage  .   (no gloves)
Will     .....                  (no boots)
Stlth    +++.......             (no amulet)
HPRegen  0.16/turn              g - ring of see invisible
MPRegen  0.10/turn              (no ring)

@: lethally poisoned (-4 -> -48)
A: no striking features
a: Renounce Religion, Curse Item


You were on level 4 of the Dungeon.
You worshipped Ashenzari.
Ashenzari was noncommittal.
You visited 1 branch of the dungeon, and saw 5 of its levels.

You collected 119 gold pieces.

Inventory:

Hand Weapons
 d - a +0 mace
 f - a +0 whip of electrocution (weapon)
Armour
 b - a +0 robe (worn)
 c - a +0 cloak (worn)
 j - a +0 helmet (worn)
Magical Staves
 e - a staff of death
Jewellery
 g - a ring of see invisible (left hand)
Scrolls
 a - a scroll of magic mapping
 i - 2 scrolls of identify


   Skills:
 + Level 4.0 Fighting
 - Level 2.0 Short Blades
 + Level 3.2 Maces & Flails
 - Level 2.0 Throwing
 + Level 3.5 Dodging
 - Level 4.0 Stealth


You had 2 spell levels left.
You knew the following spells:

 Your Spells              Type           Power      Damage    Failure   Level
a - Vampiric Draining     Necr           0%         2d6       71%         3

Your spell library contained the following spells:

 Spells                   Type           Power      Damage    Failure   Level
 Animate Skeleton         Necr           0%         N/A       34%         1
 Pain                     Necr           0%         1d4       34%         1
 Ozocubu's Armour         Ice            0%         N/A       71%         3
 Metabolic Englaciation   Hex/Ice        0%         N/A       100%        5
 Simulacrum               Ice/Necr       0%         N/A       100%        6


Dungeon Overview and Level Annotations

Branches:
Dungeon (5/15)
 Temple: D:4-7

Altars:
Ashenzari
Fedhas
Hepliaklqana
The Shining One

Shops:
D:4 =

Annotations:
D:3 exclusion: downstairs
D:4 Blork the orc, Duvessa


Message History

Unknown command.
Found a leather armour.
h - a poisoned dart
h - 2 poisoned darts (gained 1) Duvessa is nearby!
Duvessa goes berserk!
Throw: 2 darts (poison)
Press: ? - help, Q - select action, (/) - cycle Shift-Dir - straight line, f - Duvessa
Aim: Duvessa, wielding a +0 rapier of venom and wearing a +0 chain mail (berserk, 72% to hit)
You throw a poisoned dart. The poisoned dart hits Duvessa.
Duvessa is poisoned.
Throw: dart (poison)
Press: ? - help, Q - select action, (/) - cycle Shift-Dir - straight line, f/p - Duvessa
Aim: Duvessa, wielding a +0 rapier of venom and wearing a +0 chain mail (lightly wounded, berserk, poisoned, 72% to hit)
You throw a poisoned dart.
The poisoned dart closely misses Duvessa.
Throw: dart (curare)
Press: ? - help, Q - select action Shift-Dir - straight line, f/p - Duvessa
Aim: Duvessa, wielding a +0 rapier of venom and wearing a +0 chain mail (lightly wounded, berserk, poisoned, 72% to hit)
You throw a curare-tipped dart.
The curare-tipped dart barely misses Duvessa.
You hit Duvessa but do no damage.
Duvessa is lightly wounded.
Duvessa barely misses you.
Duvessa hits you with a +0 rapier of venom.
You are poisoned.
You barely miss Duvessa.
Duvessa is lightly wounded.
You feel very sick.
Duvessa hits you with a +0 rapier of venom!
You are lethally poisoned!
You hit Duvessa but do no damage.
Duvessa is lightly wounded.
You feel very sick. Duvessa closely misses you.
Duvessa hits you with a +0 rapier of venom!
* * * LOW HITPOINT WARNING * * *
You are more poisoned.
You closely miss Duvessa.
Duvessa is lightly wounded.
You die...

###.. ..[. #≈ #...# #..#
#≈≈ #...# #..# ≈≈≈##...#
#..# ≈≈≈≈....# #[.#
≈≈≈.≈...# #..# #
≈≈≈≈....###..#####.####.
.≈≈..#..<(.(...e@.......
........###.#.####.#####
..(.....)<#.#........
≈....(.......>...# ##
..####.#.##.#......# .
#....#.#.#.####
#.#..#.#.#.#
#.#..#.#.#.# .......#.#


You could see Duvessa (berserk, poisoned).

Vanquished Creatures
  A scorpion (D:3)
  Dowan (D:4)
  A hound (D:3)
  Robin (D:2)
  3 gnolls (D:2)
  3 adders
  A white imp (D:5)
  A worm (D:4)
  3 orcs (D:4)
  3 endoplasms
  5 giant cockroaches
  13 goblins
  7 hobgoblins
  3 jackals (D:1)
  4 kobolds
  4 quokkas
  3 ball pythons
  4 bats
  4 frilled lizards
  7 rats
72 creatures vanquished.

Vanquished Creatures (others)
  6 plants (D:4)
6 creatures vanquished.

Grand Total: 78 creatures vanquished

Notes
Turn   | Place    | Note
-------+----------+-------------------------------------------
     0 | D:1      | thromnambular the Human Brigand began the quest for the
                  | Orb.
     0 | D:1      | Reached XP level 1. HP: 16/16 MP: 1/1
   163 | D:1      | Reached XP level 2. HP: 16/22 MP: 2/2
   647 | D:1      | Reached skill level 1 in Maces & Flails
   919 | D:1      | Reached XP level 3. HP: 20/28 MP: 3/3
  1397 | D:2      | Noticed Robin
  1809 | D:2      | Reached XP level 4. HP: 34/34 MP: 4/4
  2321 | D:2      | Killed Robin
  2538 | D:2      | Reached XP level 5. HP: 25/41 MP: 5/5
  2700 | D:2      | Found a hazy altar of Hepliaklqana.
  3890 | D:3      | Learned a level 3 spell: Vampiric Draining
  4252 | D:3      | Found a faded altar of an unknown god.
  4260 | D:3      | Became a worshipper of Ashenzari the Shackled
  4260 | D:3      | Identified a scroll of acquirement
  4287 | D:3      | Found a large runed translucent door.
  4342 | D:3      | Found a large runed translucent door.
  4458 | D:3      | Noticed an ice beast
  4466 | D:3      | Acquired a staff of death
  4789 | D:3      | Reached XP level 6. HP: 47/47 MP: 6/6
  4933 | D:3      | Found a blossoming altar of Fedhas.
  4953 | D:3      | Found a glowing golden altar of the Shining One.
  5031 | D:4      | Noticed a black bear
  5087 | D:4      | Noticed Duvessa
  5087 | D:4      | Noticed Dowan
  5702 | D:3      | HP: 2/47 [poisoned by Duvessa]
  6047 | D:5      | Entered Level 5 of the Dungeon
  6172 | D:5      | Noticed an ogre
  6216 | D:4      | Noticed Blork the orc
  6265 | D:4      | Found Ofebeal's Jewellery Shop.
  6904 | D:4      | Killed Dowan
  6929 | D:4      | Succumbed to Duvessa's poison

Illustrated notes

Levels and vault maps discovered:
D:1:      dpeg_arrival_simpleton_b, layout_basic, chequers_serial_rivers_micro_c
D:2:      layout_basic, basic_altar, corexii_item_surrounded_by_moat, uniq_robin
D:3:      layout_loops_ring, jmf_multi_god_temple2, basic_ecumenical_altar,
          chequers_avenue
D:4:      layout_basic, serial_shops, nicolae_shop_statue_plus,
          chequers_big_river, uniq_blork_the_orc, uniq_duvessa
D:5:      cheibrodos_quashed, layout_layer_cave, lemuel_doored_altar,
          minmay_misc_feat_tiny, chequers_serial_rivers_micro_b,
          nicolae_wooded_promenade, kennysheep_generic_room_9

Skill      XL: |  1  2  3  4  5  6 |
---------------+-------------------+-----
Maces & Flails | 1 2 3 |  3.2
Dodging        | 2 3 |  3.5
Fighting       | 3 4 |  4.0
Short Blades   | |  2.0
Throwing       | |  2.0
Stealth        | |  4.0

Action                   |  1- 3 |  4- 6 || total
-------------------------+-------+-------++-------
Melee: Club              |   124 |    36 ||   160
       Dagger            |     3 |       ||     3
       Mace              |       |    28 ||    28
       Whip              |       |    79 ||    79
Throw: Dart              |    18 |    34 ||    52
       Throwing net      |       |     2 ||     2
  Use: Potion            |     1 |     2 ||     3
       Scroll            |       |     1 ||     1
 Stab: Sleeping          |     2 |     3 ||     5
       Held in net/web   |       |     1 ||     1
Armor: Robe              |    41 |    31 ||    72
       Skin              |     1 |       ||     1
Dodge: Dodged            |   102 |   108 ||   210
